 Dungeon Crawl Stone Soup version 0.28.0-53-g5a82cb258f (webtiles) character file.

Game seed: 1384163182655307212

19 Sin92 the Magician (level 2, -1/20 HPs)
             Began as a Demonspawn Hedge Wizard on July 13, 2022.
             Succumbed to an adder's poison
             ... on level 2 of the Dungeon.
             The game lasted 00:01:26 (1201 turns).

Sin92 the Magician (Demonspawn Hedge Wizard)        Turns: 1201, Time: 00:01:27

Health: -1/20      AC:  3    Str: 10    XL:     2   Next: 55%
Magic:  6/6        EV: 12    Int: 15    God:
Gold:   32         SH:  0    Dex: 12    Spells: 6/7 levels left

rFire   . . .      SeeInvis .   e - +1 short sword (freeze)
rCold   . . .      Faith    .   (no shield)
rNeg    . . .      Spirit   .   b - +0 robe
rPois   .          Reflect  .   c - +0 hat
rElec   .          Harm     .   (no cloak)
rCorr   .          Rampage  .   (no gloves)
Will    .....                   h - +0 pair of boots
Stlth   ++........              (no amulet)
HPRegen 0.06/turn               (no ring)
MPRegen 0.10/turn               (no ring)

@: lethally poisoned (-1 -> -8)
A: demonic guardian 1
a: no special abilities


You were on level 2 of the Dungeon.
You visited 1 branch of the dungeon, and saw 2 of its levels.

You collected 32 gold pieces.

Inventory:

Hand Weapons
 a - a +0 dagger
 e - a +1 short sword of freezing (weapon)
Armour
 b - a +0 robe (worn)
 c - a +0 hat (worn)
 h - a +0 pair of boots (worn)
Potions
 f - a potion of curing
 i - a potion of might {unknown}


   Skills:
 + Level 0.4 Fighting
 * Level 0.9 Short Blades
 + Level 1.9 Dodging
 * Level 2.0 Stealth
 + Level 3.0 Spellcasting
 + Level 1.2 Conjurations
 - Level 1.0 Summonings
 + Level 1.1 Translocations


You had 6 spell levels left.
You knew the following spells:

 Your Spells              Type           Power      Damage    Failure   Level
a - Magic Dart            Conj           20%        1d4       12%         1

Your spell library contained the following spells:

 Spells                   Type           Power      Damage    Failure   Level
 Blink                    Tloc           10%        N/A       19%         2
 Slow                     Hex            8%         N/A       21%         1
 Call Imp                 Summ           5%         N/A       21%         2
 Conjure Flame            Conj/Fire      4%         6-21      43%         3
 Mephitic Cloud           Conj/Pois/Air  3%         N/A       45%         3


Dungeon Overview and Level Annotations

Branches:
Dungeon (2/15)

Altars:


Innate Abilities, Weirdness & Mutations

A weak demonic guardian rushes to your aid.


Message History

The adder hisses angrily.
The kobold shouts!
You hear an angry hiss.
Found an emerald potion and 29 arrows.
Found an escape hatch in the floor.
There is a stone staircase leading up here.
A hobgoblin comes into view.
An adder comes into view.
The adder hisses angrily.
The hobgoblin shouts!
The quokka bites you.
A goblin comes into view. It is wielding a +0 club.
You hit the quokka. You freeze the quokka.
The quokka is heavily wounded.
A ball python comes into view.
The quokka bites you.
You closely miss the quokka.
The quokka is heavily wounded.
The quokka closely misses you. The adder completely misses you.
The quokka bites you but does no damage.
Unknown command.
You hit the quokka but do no damage.
The quokka is heavily wounded.
The adder bites you.
You are poisoned.
The adder poisons you! The adder bites you but does no damage.
The quokka bites you.
You closely miss the quokka.
The quokka is heavily wounded.
You feel sick.
The adder bites you. x2; The quokka closely misses you.
The adder bites you.
* * * LOW HITPOINT WARNING * * *
You are more poisoned.
The adder poisons you! The adder barely misses you.
You are too injured to fight recklessly!
You are too injured to fight recklessly!
Unknown command.
You are too injured to fight recklessly!
Unknown command.
* * * LOW HITPOINT WARNING * * *
You feel very sick.
The quokka bites you but does no damage.
* * * LOW HITPOINT WARNING * * *
You feel sick.
You die...

.... ...# #...
....(.# #≈≈ ...
.....#.≈≈# ..
.......≈# ≈ #.##
.g.##..#≈≈
#..###......≈##
..#####.#.SK.......#
.......@.rS#.#......
.....!...S.g<.......
..########...#.....>
###.# ..... ### ....
... ##


You could see 2 adders, a quokka, a hobgoblin, a ball python and a kobold.

Vanquished Creatures
  A dart slug (D:1)
  2 ball pythons (D:1)
  2 bats (D:1)
  A goblin (D:1)
  A hobgoblin (D:1)
  2 kobolds (D:1)
  2 quokkas (D:1)
  A frilled lizard (D:1)
  3 rats (D:1)
15 creatures vanquished.

Vanquished Creatures (collateral kills)
  A goblin (D:1)
1 creature vanquished.

Grand Total: 16 creatures vanquished

Notes
Turn   | Place    | Note
-------+----------+-------------------------------------------
     0 | D:1      | Sin92 the Demonspawn Hedge Wizard began the quest for the
                  | Orb.
     0 | D:1      | Reached XP level 1. HP: 13/13 MP: 4/4
   179 | D:1      | Reached skill level 1 in Translocations
   589 | D:1      | Gained mutation: A weak demonic guardian rushes to your
                  | aid. [demonic ancestry]
   589 | D:1      | Reached XP level 2. HP: 19/19 MP: 6/6
  1200 | D:2      | HP: 1/20 [poisoned by an adder]
  1201 | D:2      | Succumbed to an adder's poison

Illustrated notes

Levels and vault maps discovered:
D:1:      noname_arrival_rooms_in_the_neighbourhood, layout_basic,
          serial_park_tiny_2, minivault_19
D:2:      layout_rooms, minivault_4, uniq_crazy_yiuf_cottage

Skill      XL: |  1  2 |
---------------+-------+-----
Translocations | 1 |  1.1
Stealth        | 2 |  2.0
Fighting       | |  0.4
Short Blades   | |  0.9
Dodging        | |  1.9
Spellcasting   | |  3.0
Conjurations   | |  1.2
Summonings     | |  1.0

Action                   || total
-------------------------++-------
Melee: Short sword       ||    30
 Cast: Magic Dart        ||     9
  Use: Scroll            ||     2
 Stab: Sleeping          ||     4
Armor: Robe              ||    10
Dodge: Dodged            ||    30
